 Dungeon Crawl Stone Soup version 0.27-a0-1391-g48c30b3128 (webtiles) character file.

Game seed: 10708702507532368152

417 Nattfarinn the Cutter (level 6, 0/51 HPs)
             Began as a Merfolk Gladiator on July 1, 2021.
             Was a Priest of Uskayaw.
             Killed from afar by an orc wizard (3 damage)
             ... with a puff of flame
             ... on level 5 of the Dungeon.
             The game lasted 00:08:48 (4812 turns).

Nattfarinn the Cutter (Merfolk Gladiator)           Turns: 4812, Time: 00:08:48

Health: 0/51       AC:  5    Str: 15    XL:     6   Next: 93%
Magic:  1/7        EV: 13    Int:  8    God:    Uskayaw [***...]
Gold:   224        SH:  5    Dex: 16    Spells: 5/5 levels left

rFire    . . .     SeeInvis .   a - +0 rapier
rCold    . . .     Faith    .   (no shield)
rNeg     . . .     Spirit   .   b - +0 leather armour
rPois    .         Reflect  +   c - +0 helmet
rElec    .         Harm     .   (no cloak)
rCorr    .         Rampage  .   (no gloves)
Will     .....                  p - +0 pair of boots
Stlth    +.........             o - amulet of reflection
HPRegen  0.17/turn              (no ring)
MPRegen  0.10/turn              (no ring)

@: no status effects
A: (nimble swimmer 2), mertail
a: Renounce Religion, Stomp, Line Pass


You were on level 5 of the Dungeon.
You worshipped Uskayaw.
Uskayaw was noncommittal.
You visited 1 branch of the dungeon, and saw 5 of its levels.

You collected 224 gold pieces.

Inventory:

Hand Weapons
 a - a +0 rapier (weapon)
Missiles
 d - 3 throwing nets (quivered)
 l - 4 curare-tipped darts
Armour
 b - a +0 leather armour (worn)
 c - a +0 helmet (worn)
 p - a +0 pair of boots (worn)
Jewellery
 o - an amulet of reflection (around neck)
 r - a ring of fire
Scrolls
 e - 2 scrolls of identify {unknown}
 h - a scroll of noise {unknown}
 i - 2 scrolls of silence {unknown}
 m - a scroll of teleportation {unknown}
 n - a scroll of acquirement {unknown}
 q - 2 scrolls of magic mapping {unknown}
Potions
 f - a potion of curing
 g - a potion of might {unknown}
 j - a potion of attraction {unknown}
 k - a potion of lignification {unknown}
 s - a potion of degeneration {unknown}


   Skills:
 + Level 5.0 Fighting
 * Level 7.0 Short Blades
 - Level 2.0 Throwing
 - Level 4.0 Dodging
 * Level 2.2 Invocations


You had 5 spell levels left.
You didn't know any spells.
Your spell library contained the following spells:

 Spells                   Type           Power      Damage    Failure   Level
 Confusing Touch          Hex            0%         N/A       85%         3
 Gell's Gravitas          Tloc           0%         N/A       85%         3
 Petrify                  Tmut/Erth      0%         N/A       99%         4
 Metabolic Englaciation   Hex/Ice        0%         N/A       100%        5
 Yara's Violent Unravell  Hex/Tmut       0%         3d3       100%        5


Dungeon Overview and Level Annotations

Branches:
Dungeon (5/15)             Temple (0/1) D:4

Altars:
Uskayaw

Shops:
D:4 *


Innate Abilities, Weirdness & Mutations

((You are quick and stealthy near water. (Stealth+, EV+, Speed+++)))
Your lower body shifts to a powerful aquatic tail in water.


Message History

The helpless orc wizard fails to defend itself.
You puncture the orc wizard!
You kill the orc wizard!
Something hits you.
* * * LOW HITPOINT WARNING * * *
Something hits you.
* * * LOW HITPOINT WARNING * * *
Your Fighting skill increases to level 5!
Your Invocations skill increases to level 2!
Unknown command.
Unknown command.
You stomp with the beat, sending a shockwave through the revellers around you!
Something hits you.
* * * LOW HITPOINT WARNING * * *
Something hits you.
* * * LOW HITPOINT WARNING * * *
Uskayaw will force your foes to helplessly watch your dance.
You stomp with the beat, sending a shockwave through the revellers around you!
Something hits you but does no damage. You block something's attack.
Uskayaw will force your foes to helplessly watch your dance.
Okay, then.
You hit something.
Reactivating autopickup.
You feel a bit more experienced. Something hits you but does no damage.
Deactivating autopickup; reactivate with Ctrl-A.
Your Short Blades skill increases to level 7!
You hit something. Something hits you.
* * * LOW HITPOINT WARNING * * *
You hit something but do no damage. Something hits you.
* * * LOW HITPOINT WARNING * * *
You hit something but do no damage.
You hear some strange, mumbled words.
A magic dart appears from out of thin air!
The magic dart hits you.
* * * LOW HITPOINT WARNING * * *
You completely miss something.
You hear some strange, mumbled words.
A puff of flame appears from out of thin air!
The puff of flame hits you.
You die...

.....####..#.#....
....
...................
...#........###..##
..###.......# .##
.#...#####.# .
.......# #.# #
.#....###.#
..##...)..#.#
......))@.#.##
.......{)....#
.............#
..............#
...............#
.......#.......#
....>.##.........
...... #..........
...#.. ...........


There were no monsters in sight!

Vanquished Creatures
  A sky beast (D:4)
  A necrophage (D:3)
  A hound (D:4)
  An iguana (D:4)
  2 orc wizards (D:5)
  3 gnolls (D:3)
  2 adders
  2 worms (D:3)
  A dart slug (D:1)
  13 orcs
  5 ball pythons
  8 endoplasms
  A giant cockroach (D:2)
  4 goblins
  4 hobgoblins
  7 jackals
  7 bats
  4 frilled lizards
  3 kobolds
  5 rats
75 creatures vanquished.

Notes
Turn   | Place    | Note
-------+----------+-------------------------------------------
     0 | D:1      | Nattfarinn the Merfolk Gladiator began the quest for the
                  | Orb.
     0 | D:1      | Reached XP level 1. HP: 16/16 MP: 1/1
   295 | D:1      | Reached XP level 2. HP: 20/23 MP: 2/2
   336 | D:1      | Reached skill level 4 in Short Blades
  1167 | D:2      | Reached XP level 3. HP: 29/29 MP: 3/3
  2284 | D:3      | Noticed a +0 spear
  2286 | D:3      | Noticed a +0 falchion
  2286 | D:3      | Noticed a +0 falchion
  2311 | D:3      | Found a hide-covered altar of Uskayaw.
  2311 | D:3      | Noticed a +0 dagger
  2311 | D:3      | Noticed a +0 spear
  2314 | D:3      | Noticed a +0 short sword
  2315 | D:3      | Reached XP level 4. HP: 33/36 MP: 4/4
  2315 | D:3      | Noticed a +0 short sword
  2317 | D:3      | Became a worshipper of Uskayaw the Reveller
  2318 | D:3      | Noticed a +0 dagger
  2384 | D:3      | Reached * piety under Uskayaw
  2464 | D:3      | Reached ** piety under Uskayaw
  2468 | D:3      | Reached skill level 5 in Short Blades
  2472 | D:3      | Reached *** piety under Uskayaw
  2474 | D:3      | Reached **** piety under Uskayaw
  3514 | D:4      | Reached XP level 5. HP: 36/42 MP: 5/5
  3949 | D:4      | Found Yvoissin's Lightly-Used Armoury.
  3954 | D:4      | Found a staircase to the Ecumenical Temple.
  4000 | D:4      | Noticed a necrophage
  4276 | D:3      | Killed a necrophage
  4277 | D:3      | Reached skill level 6 in Short Blades
  4277 | D:3      | Reached XP level 6. HP: 42/49 MP: 6/6
  4529 | D:5      | Entered Level 5 of the Dungeon
  4529 | D:5      | Noticed a sky beast
  4555 | D:4      | Killed a sky beast
  4556 | D:4      | Reached skill level 1 in Invocations
  4806 | D:5      | Reached skill level 5 in Fighting
  4809 | D:5      | Reached skill level 7 in Short Blades
  4812 | D:5      | Killed from afar by an orc wizard

Illustrated notes

Levels and vault maps discovered:
D:1:      nicolae_arrival_washed_ashore, layout_loops_ring,
          corexii_item_surrounded_by_moat
D:2:      layout_loops_cross
D:3:      layout_loops_ring, nicolae_uskayaw_en_pointe,
          kennysheep_generic_room_2
D:4:      layout_basic, minmay_temple_entry_grid, minmay_shop_damaged
D:5:      layout_cave_pools

Skill      XL: |  1  2  3  4  5  6 |
---------------+-------------------+-----
Short Blades   | 4 5 6 7 |  7.0
Fighting       | 3 4 5 |  5.0
Invocations    | 2 |  2.2
Throwing       | |  2.0
Dodging        | |  4.0

Action                   |  1- 3 |  4- 6 || total
-------------------------+-------+-------++-------
Melee: Rapier            |   123 |   190 ||   313
       Tailslap          |       |     1 ||     1
Invok: Stomp             |       |     6 ||     6
       Line Pass         |       |     1 ||     1
  Use: Scroll            |       |     2 ||     2
       Potion            |       |     1 ||     1
 Stab: Sleeping          |     2 |       ||     2
       Paralysed         |       |     3 ||     3
Armor: Leather armour    |    29 |    49 ||    78
Dodge: Dodged            |    78 |   121 ||   199
Block: Other             |       |    32 ||    32

Table legend: (Time is in decaauts)
 A = Elapsed time spent in this place.
 B = Non-inter-level travel time spent in this place.
 C = Inter-level travel time spent in this place.
 D = Time resting spent in this place.
 E = Time spent auto-exploring this place.
 F = Levels seen in this place.
 G = Mean time per level.
                   A        B        C        D        E       F      G
               +--------+--------+--------+--------+--------+-----+--------+
         Total |   4792 |   4651 |    141 |    783 |   3218 |   5 |  958.4 |
       Dungeon |   4792 |   4651 |    141 |    783 |   3218 |   5 |  958.4 |
               +--------+--------+--------+--------+--------+-----+--------+

Top non-repeatable levels by time:
     D:3: 1649 daAuts
     D:1: 1110 daAuts
     D:2: 1060 daAuts
     D:4: 876 daAuts
     D:5: 96 daAuts
